AoeStats
← Ennzo

Black Forest

506645775Analyzed
4v4 RM · 17d ago on Sep 14, 2026· 21m 32s· 8 players
Game mode
Random Map
Map size
Large (8 player)
Population
200
Speed
Normal
Resources
Standard
Victory
Conquest
Starting age
Dark Age
Ending age
Imperial Age
RankedLock teamsTeams togetherTeam positionsShared explorationLock speedFull tech treeHidden civsTurbo modeCheats
Victory
Defeat
🇵🇱 Cumans · Poland
1022
+13
🇵🇱 Goths · Poland
1012
+13
🇭🇰 Saracens · Hong Kong SAR China
896
+18
🇺🇸 Bohemians · United States
896
+18
🇨🇳 Saracens · China
964
-16
🇭🇰 Burmese · Hong Kong SAR China
961
-16
🇨🇳 Tatars · China
952
-16
🇨🇳 Celts · China
920
-14
铁蹄铮铮
0:48 Loom
13:29 Feudal Age
14:20 Double-Bit Axe
18:34 Castle Age
17:14 Horse Collar
20:20 Bow Saw
等你下钟
0:30 Loom
13:46 Feudal Age
14:19 Double-Bit Axe
16:53 Horse Collar
18:22 Fishing Lines
OK旺仔
5:43 Loom
6:33 Loom
14:49 Feudal Age
16:23 Fishing Lines
16:31 Double-Bit Axe
19:36 Castle Age
18:49 Horse Collar
KSG_King
0:27 Loom
12:44 Feudal Age
14:18 Wheelbarrow
18:52 Castle Age
17:18 Horse Collar
Ennzo
12:11 Feudal Age
12:36 Double-Bit Axe
14:38 Fletching
xMattAdore
0:29 Loom
11:55 Feudal Age
17:18 Castle Age
15:26 Double-Bit Axe
15:37 Stone Mining
16:19 Horse Collar
18:46 Bow Saw
21:18 Forging
21:09 Scale Mail Armor
kingjohnkk
2:46 Loom
11:20 Feudal Age
11:58 Double-Bit Axe
13:01 Fishing Lines
16:11 Wheelbarrow
GoldPhantom
0:51 Loom
13:14 Feudal Age
13:47 Double-Bit Axe
21:34 Castle Age
20:52 Horse Collar
21:08 Stone Mining
21:10 Gold Mining
Connection lost

Rejoining the realm…

Still unreachable

The connection could not be restored.

Session expired

The server has moved on; the page needs a fresh start.